[Event "Titled Tuesday Blitz April 05 Late 2022"]
[White "Ovetchkin, Roman"]
[Black "Soysal, Serkan"]
[WhiteFideId "4119991"]
[BlackFideId "6349250"]
[WhiteElo "2409"]
[BlackElo "2440"]
[Result "1-0"]
[Round "10"]
[TimeControl "180+1"]
[Date "2022.04.05"]
[WhiteClock "0:00:19"]
[BlackClock "0:00:05"]

1. d4 d5 2. c4 c6 3. Nf3 Nf6 4. Qc2 dxc4 5. e4 b5 6. b3 cxb3 7. axb3 e6 8. Bd3 Bb7 9. O-O Nbd7 10. Nc3 a6 11. e5 Nd5 12. Nxd5 cxd5 13. Bxh7 Rc8 14. Qb1 Be7 15. Bd3 Nb8 16. Bd2 Nc6 17. b4 Qb6 18. Qb2 g5 19. h3 Kd7 20. Rfc1 Rcg8 21. Rxc6 Bxc6 22. Nh2 f5 23. exf6 Bxf6 24. Be3 Bb7 25. Ng4 Bg7 26. Re1 Rh4 27. Ne5+ Bxe5 28. dxe5 d4 29. Bd2 g4 30. Kh2 gxh3 31. g3 Qc6 32. Rg1 Rhg4 33. Qc1 Qxc1 34. Rxc1 Bd5 35. Ra1 R4g7 36. Rxa6 Bc4 37. Be4 Rf7 38. f4 Rc8 39. Kxh3 d3 40. Kg4 Rg8+ 41. Kf3 Rfg7 42. Ra7+ Kc8 43. Rxg7 Rxg7 44. g4 Kc7 45. f5 Bd5 46. Bxd5 exd5 47. g5 Re7 48. e6 Kd6 49. Bf4+ Kc6 50. g6 d4 51. Ke4 d2 52. Bxd2 d3 53. Bg5 d2 54. Bxd2 Rxe6+ 1-0


[Site "https://www.chess.com"]

[Event "Titled Tuesday Blitz April 05 Late 2022"]
[White "Papasimakopoulos, Alexandros"]
[Black "Abdyzhapar, Asylbek"]
[WhiteFideId "4244125"]
[BlackFideId "13800337"]
[WhiteElo "2340"]
[BlackElo "2331"]
[Result "1-0"]
[Round "10"]
[TimeControl "180+1"]
[Date "2022.04.05"]
[WhiteClock "0:00:15"]
[BlackClock "0:00:08"]

1. d4 Nf6 2. c4 c6 3. Nc3 d5 4. cxd5 cxd5 5. Bf4 Nc6 6. e3 Bg4 7. Qb3 Na5 8. Qa4+ Bd7 9. Qc2 e6 10. Bd3 Rc8 11. h3 a6 12. Nf3 Be7 13. O-O O-O 14. Ne5 Be8 15. Qe2 h6 16. g4 b5 17. a4 b4 18. Na2 Nb3 19. Rab1 Bxa4 20. Bxa6 Ra8 21. Nc1 Qb6 22. Bd3 Rfc8 23. Nxb3 Bxb3 24. Ra1 Ba4 25. g5 hxg5 26. Bxg5 Be8 27. h4 b3 28. h5 Ra2 29. Rab1 Qb4 30. h6 g6 31. Qf3 Nh7 32. Bf4 f5 33. Qg2 g5 34. Bxg5 Nxg5 35. f4 Rc2 36. Bxc2 bxc2 37. Rbc1 Qb3 38. Kf2 Bb5 39. Rfe1 Rxb2 40. fxg5 Bb4 41. g6 Bxe1+ 42. Kf3 Qxe3+ 43. Kxe3 Rb3+ 44. Kf4 Bh4 45. h7+ Kg7 46. Nf7 1-0


[Site "https://www.chess.com"]

[Event "Titled Tuesday Blitz April 05 Late 2022"]
[White "Petrova, Irina"]
[Black "Silvestre, Christian"]
[WhiteFideId "14124122"]
[BlackFideId "30956269"]
[WhiteElo "1993"]
[BlackElo "2384"]
[Result "0-1"]
[Round "10"]
[TimeControl "180+1"]
[Date "2022.04.06"]
[WhiteClock "0:00:47"]
[BlackClock "0:01:24"]

1. e4 c5 2. Nf3 Nc6 3. Bb5 e6 4. Bxc6 bxc6 5. O-O d5 6. e5 h5 7. d3 Be7 8. b3 Nh6 9. c4 Nf5 10. Nc3 g5 11. Ba3 g4 12. Ne1 Rg8 13. Na4 Qc7 14. f4 gxf3 15. Nxf3 Ne3 16. Qe2 Rxg2+ 17. Qxg2 Nxg2 18. Kxg2 Bd7 19. Bxc5 Bxc5 20. Nxc5 Qa5 21. Nxd7 Kxd7 22. Kh1 Rg8 23. Ng1 Qd2 0-1


[Site "https://www.chess.com"]

[Event "Titled Tuesday Blitz April 05 Late 2022"]
[White "Prohorov, Olexandr"]
[Black "Danilov, Vladimir"]
[WhiteFideId "14105578"]
[BlackFideId "1203398"]
[WhiteElo "2435"]
[BlackElo "2518"]
[Result "0-1"]
[Round "10"]
[TimeControl "180+1"]
[Date "2022.04.06"]
[WhiteClock "0:00:01"]
[BlackClock "0:00:22"]

1. e4 e5 2. Nf3 Nc6 3. Bb5 a6 4. Ba4 d6 5. d4 b5 6. Bb3 Nxd4 7. Nxd4 exd4 8. a4 Bb7 9. axb5 axb5 10. Rxa8 Bxa8 11. Na3 b4 12. Ba4+ Ke7 13. Nc4 c5 14. O-O Nf6 15. Bf4 Nxe4 16. Re1 d5 17. Nd6 h5 18. f3 Ke6 19. fxe4 Bxd6 20. exd5+ Kf6 21. Qf3 Bxf4 22. Qxf4+ Kg6 23. c4 Qg5 24. Bc2+ Kh6 25. Qxf7 g6 26. Rf1 b3 27. Bb1 Rd8 28. h4 Qe3+ 29. Rf2 d3 30. Qf6 Re8 31. Kh2 Bb7 32. Qf7 Bc8 0-1


[Site "https://www.chess.com"]

[Event "Titled Tuesday Blitz April 05 Late 2022"]
[White "Quintiliano Pinto, Renato R."]
[Black "Khripachenko, Alexander"]
[WhiteFideId "2117568"]
[BlackFideId "54184975"]
[WhiteElo "2439"]
[BlackElo "2193"]
[Result "1/2-1/2"]
[Round "10"]
[TimeControl "180+1"]
[Date "2022.04.05"]
[WhiteClock "0:00:19"]
[BlackClock "0:00:04"]

1. c4 c5 2. Nc3 Nc6 3. g3 g6 4. Bg2 Bg7 5. Nf3 e6 6. O-O Nge7 7. e3 O-O 8. d4 cxd4 9. exd4 d5 10. cxd5 Nxd5 11. Re1 Qb6 12. Na4 Qb4 13. Bd2 Qd6 14. Bc1 b6 15. Be3 Bb7 16. Rc1 Rac8 17. Qd2 Rfd8 18. Nc3 Na5 19. Ne4 Qe7 20. b3 Nf6 21. Nxf6+ Bxf6 22. Rxc8 Rxc8 23. Rc1 Rxc1+ 24. Qxc1 h5 25. h3 Qd6 26. Bf4 Qd5 27. Qe3 Qe4 28. Qxe4 Bxe4 29. Bb8 Nc6 30. Bd6 Kg7 31. g4 hxg4 32. hxg4 g5 33. Kh2 b5 34. Bc5 a6 35. Bd6 Be7 36. Bxe7 Nxe7 37. Ne5 Bxg2 38. Kxg2 f6 39. Nd7 Nc6 40. Nc5 Nxd4 41. Nxa6 f5 42. gxf5 exf5 43. Nc7 Kf6 44. a4 bxa4 45. bxa4 Nc6 46. Nd5+ Ke5 47. Ne3 Na5 48. Kf3 g4+ 49. Ke2 Ke4 50. Nf1 f4 51. Nd2+ Kd4 52. f3 g3 53. Ne4 Nc4 54. Ng5 Na5 55. Nh3 Ke5 56. Kf1 Nc6 57. Kg2 Na5 58. Ng5 Nc4 59. Ne4 Na5 60. Nc5 Nc6 61. Nd3+ Kf5 62. Kh3 Na5 63. Nc1 Nc4 64. Nb3 Ne5 65. Kg2 Ke6 66. a5 Kd5 67. a6 Kc6 68. Nc5 Kb6 69. Ne6 Kxa6 70. Nxf4 Kb5 71. Ne2 Nxf3 72. Nxg3 1/2-1/2


[Site "https://www.chess.com"]

[Event "Titled Tuesday Blitz April 05 Late 2022"]
[White "Reprintsev, Alexander"]
[Black "Barbosa, Evandro Amorim"]
[WhiteFideId "14100541"]
[BlackFideId "2115824"]
[WhiteElo "2108"]
[BlackElo "2454"]
[Result "0-1"]
[Round "10"]
[TimeControl "180+1"]
[Date "2022.04.05"]
[WhiteClock "0:00:16"]
[BlackClock "0:00:05"]

1. e4 c5 2. b3 e6 3. Qe2 a6 4. Bb2 Nc6 5. g3 Nf6 6. Bg2 Nd4 7. Qd3 d5 8. Nc3 Be7 9. O-O-O O-O 10. Nf3 Nc6 11. exd5 exd5 12. Rde1 d4 13. Ne4 Nb4 14. Nxf6+ Bxf6 15. Qc4 Nxa2+ 16. Kb1 Qa5 17. Ne5 Nb4 18. Nxf7 g6 19. Nd6+ Kh8 20. Ne4 Bf5 21. g4 Bxe4 22. Rxe4 d3 23. c3 b5 24. Qxc5 Qa2+ 25. Kc1 Qxb3 26. Kb1 Qc2+ 27. Ka1 Qa4+ 28. Kb1 Qc2+ 29. Ka1 a5 30. Rf4 Qa4+ 31. Kb1 Qc2+ 32. Ka1 Bg7 33. Rxf8+ Rxf8 34. Qxb5 Qb3 35. Qc5 Qa2# 0-1


[Site "https://www.chess.com"]

[Event "Titled Tuesday Blitz April 05 Late 2022"]
[White "Roman, Rodrigo"]
[Black "Zhou, Qiyu"]
[WhiteFideId "3701220"]
[BlackFideId "505161"]
[WhiteElo "2001"]
[BlackElo "1925"]
[Result "1-0"]
[Round "10"]
[TimeControl "180+1"]
[Date "2022.04.06"]
[WhiteClock "0:00:29"]
[BlackClock "0:00:02"]

1. e4 c5 2. Nc3 d6 3. f4 Nc6 4. Nf3 g6 5. Bc4 e6 6. d4 cxd4 7. Nxd4 Bg7 8. Nxc6 bxc6 9. Bb3 Ne7 10. Be3 O-O 11. O-O d5 12. e5 Qa5 13. Na4 Ba6 14. Re1 Rfd8 15. Bc5 Nc8 16. c3 Bb5 17. Qd4 Rb8 18. Bb4 Qc7 19. Nc5 a5 20. Ba3 Nb6 21. Rad1 Nd7 22. Nxd7 Qxd7 23. c4 Ba6 24. Qc5 Qb7 25. Qxa5 d4 26. Bd6 Ra8 27. Qc5 Bh6 28. Rxd4 Rd7 29. Re2 Rad8 30. Ba4 Rc8 31. b4 Bf8 32. Red2 Bh6 33. Bd1 Qa8 34. Bf3 Bb7 35. g3 Qa3 36. R4d3 Qc1+ 37. Kg2 Rcd8 38. a4 Qa1 39. a5 Qa4 40. Qb6 Bf8 41. c5 Qa3 42. Rxa3 1-0


[Site "https://www.chess.com"]

[Event "Titled Tuesday Blitz April 05 Late 2022"]
[White "Ronka, Erik"]
[Black "Do Valle Cardoso, Lucas"]
[WhiteFideId "505080"]
[BlackFideId "2163144"]
[WhiteElo "2264"]
[BlackElo "2331"]
[Result "0-1"]
[Round "10"]
[TimeControl "180+1"]
[Date "2022.04.05"]
[WhiteClock "0:00:35"]
[BlackClock "0:00:34"]

1. e4 c5 2. Nf3 d6 3. d4 cxd4 4. Nxd4 Nf6 5. Nc3 a6 6. Be3 e5 7. Nb3 Be6 8. f3 Be7 9. Qd2 h5 10. Nd5 Bxd5 11. exd5 Nbd7 12. Be2 Qc7 13. c4 O-O 14. O-O e4 15. Nd4 g6 16. f4 Ng4 17. Bxg4 hxg4 18. Rac1 Nc5 19. f5 Bf6 20. Bh6 Nd3 21. Ne2 Nxc1 22. Rxc1 Qb6+ 23. Kf1 Qxb2 24. Rc2 Qa1+ 25. Rc1 Qb2 26. Rc2 Qe5 27. Bxf8 Qxf5+ 28. Kg1 Rxf8 29. Qe3 Re8 30. c5 Qxd5 31. cxd6 Qxd6 32. Rd2 Qe5 33. Ng3 Bg5 0-1


[Site "https://www.chess.com"]

[Event "Titled Tuesday Blitz April 05 Late 2022"]
[White "Rorrer, Grayson"]
[Black "Kamsky, Gata"]
[WhiteFideId "30944996"]
[BlackFideId "2000024"]
[WhiteElo "2122"]
[BlackElo "2645"]
[Result "0-1"]
[Round "10"]
[TimeControl "180+1"]
[Date "2022.04.05"]
[WhiteClock "0:00:02"]
[BlackClock "0:00:19"]

1. e4 c5 2. Nf3 e6 3. d4 cxd4 4. Nxd4 a6 5. c4 Nf6 6. Nc3 Qc7 7. a3 b6 8. Be2 Bb7 9. f3 Nc6 10. Be3 Bc5 11. b4 Nxd4 12. Bxd4 Bxd4 13. Qxd4 O-O 14. O-O e5 15. Qe3 d6 16. Rfd1 Rab8 17. Rac1 Rfd8 18. Nd5 Bxd5 19. cxd5 Qb7 20. Rc6 b5 21. Rdc1 Ne8 22. f4 exf4 23. Qxf4 Qa7+ 24. Qf2 Qe7 25. Bd3 Ra8 26. Qd4 g6 27. Ra1 Nf6 28. a4 Ng4 29. Be2 Ne5 30. Rc3 Qf6 31. Kh1 Qf4 32. Rf1 Qg5 33. Rg3 Qe7 34. Rc3 bxa4 35. Ra3 Rdc8 36. Rxa4 Rc2 37. Rxa6 Rac8 38. Bd1 Rc1 39. Ra7 Qg5 40. Qg1 Qd2 41. b5 Rb1 42. b6 Rcc1 43. b7 Kg7 44. h3 Rxd1 45. b8=Q Rxf1 46. Qxb1 Rxb1 47. Qxb1 h5 48. Ra4 h4 49. Ra2 Qe3 50. Rc2 Qxe4 51. Qd1 Qf4 52. Re2 g5 53. Qe1 g4 54. Re4 Qg5 55. hxg4 Nxg4 56. Qe2 Ne5 57. Qf2 Ng4 58. Qf3 Qc1+ 0-1


[Site "https://www.chess.com"]

[Event "Titled Tuesday Blitz April 05 Late 2022"]
[White "Rosen, Eric"]
[Black "Karttunen, Mika"]
[WhiteFideId "2032562"]
[BlackFideId "502081"]
[WhiteElo "2362"]
[BlackElo "2343"]
[Result "1-0"]
[Round "10"]
[TimeControl "180+1"]
[Date "2022.04.05"]
[WhiteClock "0:00:44"]
[BlackClock "0:00:05"]

1. d4 Nf6 2. Bf4 d6 3. Nc3 Nbd7 4. Nf3 Nh5 5. Bd2 e5 6. e4 Nhf6 7. Bc4 Be7 8. Bxf7+ Kxf7 9. Ng5+ Kg8 10. Ne6 Qe8 11. Nxc7 Qg6 12. Nxa8 Qxg2 13. Rf1 exd4 14. Qe2 d3 15. cxd3 Ng4 16. O-O-O Nde5 17. d4 Be6 18. dxe5 Nxe5 19. Qb5 Kf7 20. Qxb7 Nd3+ 21. Kb1 Nc5 22. Qc6 Rc8 23. Nc7 Qf3 24. Be3 Nd7 25. Rg1 Ne5 26. Qb7 g6 27. Nxe6 Kxe6 28. Qxc8+ 1-0


[Site "https://www.chess.com"]

[Event "Titled Tuesday Blitz April 05 Late 2022"]
[White "Rottenwohrer Suarez, Juan"]
[Black "Tsukerman, Julia"]
[WhiteFideId "32068182"]
[BlackFideId "2621649"]
[WhiteElo "2399"]
[BlackElo "2185"]
[Result "1-0"]
[Round "10"]
[TimeControl "180+1"]
[Date "2022.04.06"]
[WhiteClock "0:00:53"]
[BlackClock "0:01:28"]

1. d4 d5 2. Nf3 Nf6 3. g3 e6 4. Bg2 Be7 5. O-O O-O 6. c4 dxc4 7. Qc2 a6 8. a4 Bd7 9. Qxc4 Bc6 10. Bg5 h6 11. Bxf6 Bxf6 12. Rd1 Bd5 13. Qd3 b6 14. e4 Bb7 15. Nc3 Nd7 16. a5 b5 17. b4 Rc8 18. h4 Be7 19. Rab1 Re8 20. e5 Nb8 21. Ng5 hxg5 22. Bxb7 1-0


[Site "https://www.chess.com"]

[Event "Titled Tuesday Blitz April 05 Late 2022"]
[White "Rudzinska, Michalina"]
[Black "Burke, Paul"]
[WhiteFideId "1172883"]
[BlackFideId "2605767"]
[WhiteElo "1904"]
[BlackElo "1893"]
[Result "1-0"]
[Round "10"]
[TimeControl "180+1"]
[Date "2022.04.06"]
[WhiteClock "0:02:07"]
[BlackClock "0:00:08"]

1. e4 e5 2. Nf3 Nc6 3. Nc3 Be7 4. Bb5 d6 5. d4 exd4 6. Nxd4 Bd7 7. O-O Nf6 8. Re1 O-O 9. Bf4 a6 10. Bxc6 Bxc6 11. Nf5 Qd7 12. Bg5 h6 13. Bh4 Rae8 14. Qf3 Kh7 15. Nxe7 Qxe7 16. h3 Qe6 17. Bxf6 Qxf6 18. Qxf6 gxf6 19. f3 Re7 20. Kf2 Rfe8 21. Red1 Kg6 22. Rd2 f5 23. exf5+ Kxf5 24. Ne2 b5 25. Nd4+ 1-0


[Site "https://www.chess.com"]

[Event "Titled Tuesday Blitz April 05 Late 2022"]
[White "Sanchez Alvares, Kelvin Antonio"]
[Black "Pavlidou, Ekaterini"]
[WhiteFideId "3906680"]
[BlackFideId "4213262"]
[WhiteElo "2502"]
[BlackElo "2374"]
[Result "1-0"]
[Round "10"]
[TimeControl "180+1"]
[Date "2022.04.06"]
[WhiteClock "0:01:51"]
[BlackClock "0:02:05"]

1. e4 c5 2. Nf3 Nc6 3. d4 cxd4 4. Nxd4 e5 5. Nb5 d6 6. N1c3 a6 7. Na3 Be6 8. Nc4 b5 9. Ne3 Be7 10. Ncd5 Bg5 11. a4 Nge7 12. axb5 Nd4 13. b6 Nxd5 14. exd5 Bxe3 15. fxe3 Qh4+ 16. g3 Qe4 17. dxe6 Nxc2+ 18. Kf2 Qxh1 19. Bb5+ Ke7 20. Qxh1 Nxa1 21. Qb7+ Kxe6 22. Bc4+ 1-0


[Site "https://www.chess.com"]

[Event "Titled Tuesday Blitz April 05 Late 2022"]
[White "Sapunov, Evgeny"]
[Black "Romanchuk, Viktor"]
[WhiteFideId "4126661"]
[BlackFideId "14109271"]
[WhiteElo "2470"]
[BlackElo "2242"]
[Result "1-0"]
[Round "10"]
[TimeControl "180+1"]
[Date "2022.04.05"]
[WhiteClock "0:00:38"]
[BlackClock "0:00:00"]

1. c4 c6 2. Nf3 d5 3. b3 Bf5 4. Bb2 e6 5. g3 Nd7 6. Bg2 Ngf6 7. O-O h6 8. d3 Bc5 9. Nbd2 O-O 10. a3 a5 11. Bc3 Qe7 12. Qc1 Rfe8 13. Qb2 e5 14. b4 axb4 15. axb4 Bd6 16. c5 Bc7 17. Nb3 d4 18. Bd2 Nd5 19. Rxa8 Rxa8 20. Ra1 Qd8 21. Ra3 Be6 22. Qa1 Rxa3 23. Qxa3 b6 24. cxb6 Bxb6 25. Ne1 Qc8 26. Nc2 c5 27. Nxc5 Nxc5 28. bxc5 Bxc5 29. Qb2 Be7 30. Bf3 Bg5 31. Be1 g6 32. h4 Be7 33. Bd2 Kg7 34. Nxd4 exd4 35. Bxd5 Bf6 36. Bf3 h5 37. Bf4 Qd7 38. Qb8 Kh7 39. Be5 Bxe5 40. Qxe5 Qa4 41. Kg2 Qb4 42. Be4 Qb6 43. Qxh5+ Kg8 44. Qe5 Qd8 45. h5 gxh5 46. Qxh5 Qf6 47. Bf3 Kf8 48. Qh4 Kg7 49. Qxf6+ Kxf6 50. Be4 Ke5 51. e3 f5 52. Bb7 Bd7 53. f4+ Kd6 54. e4 fxe4 55. dxe4 d3 56. Kf2 Bb5 57. Ke3 Kc5 58. g4 Kc4 59. Kd2 Kd4 60. g5 Be8 61. Bd5 1-0


[Site "https://www.chess.com"]

[Event "Titled Tuesday Blitz April 05 Late 2022"]
[White "Sarana, Alexey"]
[Black "Sanal, Vahap"]
[WhiteFideId "24133795"]
[BlackFideId "6300545"]
[WhiteElo "2666"]
[BlackElo "2603"]
[Result "1-0"]
[Round "10"]
[TimeControl "180+1"]
[Date "2022.04.05"]
[WhiteClock "0:00:07"]
[BlackClock "0:00:08"]

1. d4 Nf6 2. c4 e6 3. Nc3 Bb4 4. e3 c5 5. Bd3 Nc6 6. Ne2 d5 7. a3 dxc4 8. Bxc4 Bxc3+ 9. bxc3 O-O 10. O-O Qc7 11. Bd3 b6 12. e4 e5 13. d5 Ne7 14. Bg5 Qd6 15. f4 Ng4 16. h3 f6 17. hxg4 fxg5 18. f5 Bd7 19. Ng3 c4 20. Bc2 Qc5+ 21. Rf2 Nc8 22. Qd2 h6 23. Kh2 Nd6 24. a4 Ne8 25. Rff1 Nf6 26. Qe2 Be8 27. Rad1 Qe3 28. Qf3 Qc5 29. Rd2 Bf7 30. Rfd1 Rfd8 31. Nf1 a6 32. Qg3 Re8 33. d6 Rad8 34. Kh1 Rd7 35. Qe3 Qc6 36. a5 b5 37. Qg3 Nxe4 38. Bxe4 Qxe4 39. Ne3 Red8 40. Qf3 Qf4 41. Nd5 Bxd5 42. Rxd5 e4 43. Qxf4 gxf4 44. Kg1 Kf7 45. Kf2 Kf6 46. g3 Kg5 47. R1d4 Re8 48. f6+ Kxg4 49. fxg7 fxg3+ 50. Kg2 Kf4 51. Rh5 Rxg7 52. Rxh6 Ke3 53. d7 Rd8 54. Re6 Rg4 55. Re8 Rxd7 56. Rxd7 Rf4 57. Rd4 b4 58. Rxc4 b3 59. Rb4 Kd2 60. Rxb3 e3 61. Rb4 Rxb4 62. cxb4 e2 63. b5 axb5 64. a6 b4 65. a7 1-0


[Site "https://www.chess.com"]

[Event "Titled Tuesday Blitz April 05 Late 2022"]
[White "Sarkar, Justin"]
[Black "Winkels, Marcel"]
[WhiteFideId "2010011"]
[BlackFideId "1003887"]
[WhiteElo "2038"]
[BlackElo "1900"]
[Result "1-0"]
[Round "10"]
[TimeControl "180+1"]
[Date "2022.04.06"]
[WhiteClock "0:00:08"]
[BlackClock "0:01:07"]

1. e4 c5 2. Nf3 d6 3. d4 cxd4 4. Nxd4 Nf6 5. Nc3 a6 6. Be3 e5 7. Nb3 Be6 8. h3 Be7 9. Qf3 b5 10. g4 b4 11. Nd5 Nxd5 12. exd5 Bd7 13. a3 bxa3 14. Rxa3 O-O 15. Bd3 a5 16. h4 a4 17. Nd2 Na6 18. h5 Nb4 19. Be4 Rc8 20. c3 Na6 21. Bf5 g6 22. hxg6 fxg6 23. Qh3 Rf7 24. Be6 Bxe6 25. dxe6 Rg7 26. Bh6 Nc5 27. Bxg7 h5 28. gxh5 Kxg7 29. hxg6 Qh8 30. Qxh8+ Rxh8 31. Rxh8 Kxh8 32. Ke2 Kg7 33. c4 Kxg6 34. Rg3+ Kf6 35. f3 Kxe6 36. Ne4 Nb3 37. Rg6+ Kd7 38. Nf6+ Ke6 39. Nd5+ Kd7 40. Rg7 Nd4+ 41. Kf2 Nc6 42. Rh7 Ke6 43. Nxe7 Nxe7 44. Rh6+ Kd7 45. Rh8 Nc6 46. Ra8 e4 47. fxe4 Ne5 48. Rxa4 Kc6 49. Ke3 Kc5 50. b3 Nc6 51. Ra8 Ne5 52. Rc8+ Kb4 53. Rb8+ Kc5 54. Rb5+ Kc6 55. Rxe5 dxe5 56. b4 Kb6 57. Kf3 Kc6 58. Kg4 Kd6 59. Kf5 Kc6 60. Kxe5 Kd7 61. Kd5 Ke8 62. e5 Kd7 63. e6+ Kd8 64. Kd6 Ke8 65. e7 Kf7 66. Kd7 Kf6 67. e8=Q 1-0


[Site "https://www.chess.com"]

[Event "Titled Tuesday Blitz April 05 Late 2022"]
[White "Shimanov, Aleksandr"]
[Black "Lashkin, Jegor"]
[WhiteFideId "4198603"]
[BlackFideId "13907808"]
[WhiteElo "2636"]
[BlackElo "2368"]
[Result "1-0"]
[Round "10"]
[TimeControl "180+1"]
[Date "2022.04.05"]
[WhiteClock "0:00:09"]
[BlackClock "0:00:02"]

1. d4 Nf6 2. Nc3 d5 3. Bf4 e6 4. Nb5 Na6 5. e3 c6 6. Nc3 Bb4 7. Bd3 O-O 8. Nf3 c5 9. Bxa6 bxa6 10. O-O cxd4 11. Qxd4 Qb6 12. Be5 Qxd4 13. Bxd4 Bd7 14. Ne5 Be8 15. a3 Be7 16. Rfc1 Bd6 17. Nd3 Nd7 18. Na4 e5 19. Bc3 f6 20. Bb4 Bxb4 21. Nxb4 Bf7 22. Rd1 Rfc8 23. Nxd5 Be6 24. Ne7+ Kf7 25. Nxc8 Rxc8 26. Nc3 Nb6 27. Ne4 Ke7 28. Rac1 Nc4 29. b3 Nxa3 30. c4 Rb8 31. Nc5 Bf5 32. e4 Bc8 33. Rd2 Rb6 34. Ra1 Rc6 35. Nd3 Nxc4 36. bxc4 Rxc4 37. f3 Rd4 38. Kf2 Rd6 39. Ke3 Be6 40. Nc5 Rb6 41. Nxe6 Kxe6 42. Rda2 Rb3+ 43. Kf2 Kf7 44. Rxa6 Kg6 45. Rxa7 h5 46. h4 Rb8 47. Rc7 Rb2+ 48. Kg3 Rb8 49. Raa7 Rg8 50. Kh3 Kh6 51. g4 hxg4+ 52. Kxg4 f5+ 53. exf5 e4 54. fxe4 Re8 55. Re7 Rd8 56. Rxg7 Rg8 57. Rg6+ Rxg6+ 58. fxg6 Kxg6 59. Ra6+ 1-0


[Site "https://www.chess.com"]

[Event "Titled Tuesday Blitz April 05 Late 2022"]
[White "Spata, German"]
[Black "Korchmar, Vasiliy"]
[WhiteFideId "113026"]
[BlackFideId "24131750"]
[WhiteElo "2238"]
[BlackElo "2370"]
[Result "0-1"]
[Round "10"]
[TimeControl "180+1"]
[Date "2022.04.05"]
[WhiteClock "0:00:02"]
[BlackClock "0:00:47"]

1. e4 c5 2. b3 e6 3. Bb2 a6 4. f4 Nc6 5. Nf3 d5 6. exd5 exd5 7. Nc3 Nf6 8. Qe2+ Be7 9. O-O-O O-O 10. h3 b5 11. Ne5 Nd4 12. Qf2 Bf5 13. Bd3 Ne4 14. Bxe4 dxe4 15. g4 Be6 16. Nxe4 f6 17. Nf3 Nxf3 18. Qxf3 c4 19. Rhe1 Rc8 20. Nxf6+ Rxf6 21. Bxf6 cxb3 22. axb3 Bxf6 23. Rxe6 Qa5 24. d4 Qa1+ 25. Kd2 Qxd4+ 26. Qd3 Qxf4+ 27. Re3 Rd8 0-1


[Site "https://www.chess.com"]

[Event "Titled Tuesday Blitz April 05 Late 2022"]
[White "Tanenbaum, Zachary"]
[Black "Rytenko, Vsevolod"]
[WhiteFideId "2060850"]
[BlackFideId "14133040"]
[WhiteElo "2168"]
[BlackElo "2120"]
[Result "1-0"]
[Round "10"]
[TimeControl "180+1"]
[Date "2022.04.05"]
[WhiteClock "0:00:19"]
[BlackClock "0:00:29"]

1. e4 e5 2. Nf3 Nc6 3. Bc4 Nf6 4. d3 Bc5 5. c3 O-O 6. Nbd2 d6 7. a4 a5 8. Nf1 d5 9. exd5 Nxd5 10. Ng3 Bb6 11. O-O h6 12. Re1 Re8 13. d4 Be6 14. Nxe5 Nxe5 15. dxe5 Nxc3 16. Qxd8 Raxd8 17. Bxe6 Nd1 18. Bxf7+ Kxf7 19. Ne4 Rxe5 20. Ng5+ Rxg5 21. Bxg5 Bxf2+ 22. Kf1 Bxe1 23. Bxd8 Ne3+ 24. Ke2 Nxg2 25. Rxe1 Nxe1 26. Kxe1 c6 27. Bxa5 b5 28. b3 bxa4 29. bxa4 Ke6 30. Bc3 g5 31. Ke2 Kd5 32. a5 c5 33. Kf3 h5 34. Bf6 g4+ 35. Kf4 c4 36. Kg5 Ke6 37. Bc3 Kd5 38. Kxh5 Ke4 39. a6 1-0


[Site "https://www.chess.com"]

[Event "Titled Tuesday Blitz April 05 Late 2022"]
[White "Trakru, Rohun"]
[Black "Mangialardo, Tiago Carvalho"]
[WhiteFideId "2097613"]
[BlackFideId "2130718"]
[WhiteElo "1746"]
[BlackElo "2037"]
[Result "1-0"]
[Round "10"]
[TimeControl "180+1"]
[Date "2022.04.06"]
[WhiteClock "0:01:05"]
[BlackClock "0:00:05"]

1. e4 e5 2. Nf3 Nc6 3. Bc4 Bc5 4. c3 Nf6 5. d4 exd4 6. b4 Bb6 7. e5 d5 8. exf6 dxc4 9. b5 Qxf6 10. bxc6 d3 11. O-O O-O 12. Na3 Qxc6 13. Ne5 Qd5 14. Naxc4 Bf5 15. Bf4 f6 16. Nxb6 axb6 17. Nf3 Ra3 18. Qd2 Qc4 19. Rfc1 Re8 20. Be3 c5 21. h3 b5 22. Ne1 Rd8 23. Qb2 Rda8 24. g4 Be4 25. f3 Bc6 26. Qd2 Rc8 27. Qxd3 Qxd3 28. Nxd3 c4 29. Nb4 Bd7 30. Kf2 Be6 31. Bd4 Re8 32. Re1 Bf7 33. Rxe8+ Bxe8 34. Nd5 Kf7 35. Nc7 Bc6 36. Bc5 Ra7 37. Rb1 Rxa2+ 38. Kg3 Rc2 39. Nxb5 Re2 40. Nd4 Rd2 41. Nxc6 bxc6 42. Rb7+ Ke6 43. Rc7 Kd5 44. Bd4 Rd3 45. Rxg7 Rxd4 46. cxd4 Kxd4 47. Rc7 Kc5 48. h4 c3 49. Ra7 Kc4 50. g5 f5 51. h5 c2 52. Ra1 Kd3 53. g6 hxg6 54. hxg6 Kd2 55. g7 c1=Q 56. Rxc1 Kxc1 57. g8=Q c5 58. Qc4+ Kb2 59. Qxc5 1-0


[Site "https://www.chess.com"]

[Event "Titled Tuesday Blitz April 05 Late 2022"]
[White "Tregubov, Pavel V."]
[Black "Hess, Robert"]
[WhiteFideId "4115341"]
[BlackFideId "2022036"]
[WhiteElo "2341"]
[BlackElo "2557"]
[Result "1-0"]
[Round "10"]
[TimeControl "180+1"]
[Date "2022.04.05"]
[WhiteClock "0:00:17"]
[BlackClock "0:00:04"]

1. e4 g6 2. Nf3 Bg7 3. d4 d6 4. Nc3 a6 5. Be2 b5 6. a4 b4 7. Nd5 Bb7 8. Nxb4 Bxe4 9. O-O a5 10. Nd3 Nf6 11. c4 O-O 12. Ng5 Bf5 13. Bf3 Ra6 14. Re1 Nc6 15. Bxc6 Rxc6 16. b3 Rb6 17. h3 Nd7 18. Nf3 Qb8 19. Ra3 c5 20. d5 e5 21. dxe6 fxe6 22. Nf4 Ne5 23. Nh4 Qe8 24. Nxf5 Rxf5 25. Ra2 Qf7 26. Nd3 Nc6 27. Be3 Bc3 28. Ree2 Nd4 29. Bxd4 Bxd4 30. Ne1 d5 31. Nf3 dxc4 32. Nxd4 Rd5 33. bxc4 Rxd4 34. Qe1 Rxc4 35. Rad2 Rcb4 36. Kh2 Qf4+ 37. g3 Qf3 38. Re3 Qf5 39. Rd8+ Kg7 40. Rd7+ Kh6 41. Re5 Qf6 42. Qe3+ g5 43. h4 Rg4 44. hxg5+ Rxg5 45. Rxg5 Qxg5 46. Rxh7+ Kxh7 47. Qxg5 1-0


[Site "https://www.chess.com"]

[Event "Titled Tuesday Blitz April 05 Late 2022"]
[White "Vasquez Schroeder, Rodrigo"]
[Black "Nepomniachtchi, Ian"]
[WhiteFideId "3400042"]
[BlackFideId "4168119"]
[WhiteElo "2561"]
[BlackElo "2740"]
[Result "0-1"]
[Round "10"]
[TimeControl "180+1"]
[Date "2022.04.05"]
[WhiteClock "0:02:07"]
[BlackClock "0:02:01"]

1. e4 e6 2. d4 d5 3. Nc3 Bb4 4. e5 Ne7 5. Bd2 c5 6. Nb5 Bxd2+ 7. Qxd2 O-O 8. c3 Nbc6 9. f4 cxd4 10. Nxd4 f6 11. Ngf3 fxe5 12. fxe5 Ng6 13. Qe3 Qc7 14. Nxc6 bxc6 15. Bd3 Nf4 16. O-O Nxd3 17. Qxd3 Qb6+ 18. Kh1 Ba6 19. Qd2 Bxf1 20. Rxf1 Rf5 21. h3 Raf8 22. Qe2 Rf4 23. Rd1 h6 24. Kh2 a5 25. Rd4 c5 26. Rxf4 Rxf4 27. Qd2 Rf8 28. b3 a4 29. b4 a3 30. bxc5 Qxc5 31. Nd4 Rc8 32. Nxe6 Qc4 33. Qc2 Qe4 0-1


[Site "https://www.chess.com"]

[Event "Titled Tuesday Blitz April 05 Late 2022"]
[White "Villegas, Pierre"]
[Black "Fishbein, Alexander"]
[WhiteFideId "654183"]
[BlackFideId "2000377"]
[WhiteElo "2386"]
[BlackElo "2442"]
[Result "1-0"]
[Round "10"]
[TimeControl "180+1"]
[Date "2022.04.05"]
[WhiteClock "0:00:52"]
[BlackClock "0:00:35"]

1. d4 Nf6 2. c4 g6 3. Nc3 Bg7 4. e4 O-O 5. Nge2 d6 6. Ng3 a6 7. Be2 b5 8. cxb5 axb5 9. Bxb5 h5 10. O-O h4 11. Nge2 h3 12. g3 c6 13. Bd3 Nbd7 14. f3 e5 15. Be3 Qb6 16. Qd2 c5 17. d5 Ba6 18. Bxa6 Qxa6 19. a4 Rfb8 20. Nb5 Ne8 21. Nec3 Nb6 22. b3 Nc8 23. Bh6 Na7 24. Bxg7 Kxg7 25. f4 Nxb5 26. Nxb5 Rxb5 27. axb5 Qxa1 28. Rxa1 Rxa1+ 29. Kf2 Nf6 30. Qe2 Rb1 31. fxe5 dxe5 32. g4 Rxb3 33. g5 Nh5 34. d6 Kf8 35. d7 Ke7 36. d8=Q+ Kxd8 37. Qd1+ Kc7 38. Qxb3 1-0


[Site "https://www.chess.com"]